 Dungeon Crawl Stone Soup version 0.32-a0-612-g1c984fe9d1 (webtiles) character file.

Game seed: 16119850639968553659

78361 Shayle the Warrior (level 15, -15/129 HPs)
             Began as a Coglin Alchemist on Mar 4, 2024.
             Was an Initiate of Gozag.
             Demolished by a torpor snail (17 damage)
             ... on level 1 of the Spider Nest.
             The game lasted 01:41:35 (27886 turns).

Shayle the Warrior (Coglin Alchemist)              Turns: 27886, Time: 01:41:36

Health: -15/129    AC: 25    Str: 10 (11) XL:     15   Next: 60%
Magic:  25/25      EV: -1    Int: 19      God:    Gozag
Gold:   859        SH:  0    Dex: 14 (15) Spells: 27/28 levels left

rFire   + . .        l - +3 whip (vamp) {Kiko}
rCold   . . .        F - +7 demon whip (freeze) {Henutmehyt}
rNeg    . . .        j - +0 crystal plate armour
rPois   +            m - +0 helmet
rElec   .            J - +1 cloak
rCorr   +            n - +1 pair of gloves
SInv    .            M - +0 pair of boots
Will    +....        (amulet unavailable) Stlth
                     (ring unavailable)
HPRegen 0.41/turn    (ring unavailable)
MPRegen 0.19/turn    U - neodymium turbine {Gadgeteer, rPois rF+ rCorr}

%: no passive effects
@: slowed, studying Ice Magic, very slow
A: off-hand wielding, slow wielding, warmup strikes, no jewellery, deterioration
1, mutation resistance 1, screaming 1
a: Renounce Religion, Potion Petition, Call Merchant, Bribe Branch


You were on level 1 of the Spider Nest.
You worshipped Gozag.
Gozag was pleased with you.
You visited 5 branches of the dungeon, and saw 22 of its levels.
You also visited: Ice Cave.

You collected 7009 gold pieces.
You spent 1415 gold pieces at shops.
You paid 4735 gold pieces to Gozag.

Inventory:

Hand Weapons
 c - a +0 dagger {Kanlaya}
 g - a +0 dagger {Minjun}
 l - a +3 vampiric whip (weapon) {Kiko}
 p - a +0 short sword of draining {Koruri}
 z - the +6 flail of the Evil Eye {freeze, *Slow rC+ Dex+4}
   (You found it on level 5 of the Lair of Beasts)

   Dex+4:     It affects your dexterity (+4).
   rC+:       It protects you from cold.
   *Slow:     It may slow you when you take damage.
 F - a +7 demon whip of freezing (offhand) {Henutmehyt}
 K - a +1 dagger of distortion
 R - a +2 falchion of protection
 T - the +7 broad axe of Green Gallantry {pain, rElec rPois rF- rC+}
   (You bought it in a shop on level 10 of the Dungeon)

   rF-:       It makes you vulnerable to fire.
   rC+:       It protects you from cold.
   rElec:     It insulates you from electricity.
   rPois:     It protects you from poison.
 V - a +6 long sword of freezing
Missiles
 x - 5 throwing nets
 W - 2 curare-tipped darts
Armour
 j - a +0 crystal plate armour (worn)
 m - a +0 helmet (worn)
 n - a +1 pair of gloves (worn)
 t - a +2 leather armour of cold resistance
 J - a +1 cloak (worn)
 M - a +0 pair of boots (worn)
 S - a scarf of resistance
Gizmo
 U - a neodymium turbine (installed) {Gadgeteer, rPois rF+ rCorr}
   (You invented it yourself on level 11 of the Dungeon)

   [neodymium turbine]

   Gadgeteer: Your evocable items recharge 30% faster and wands have a 30%
   chance to not spend a charge.
   rF+:       It protects you from fire.
   rPois:     It protects you from poison.
   rCorr:     It protects you from acid and corrosion.
Wands
 d - a wand of mindburst (20)
 h - a wand of paralysis (12)
 k - a wand of digging (6)
 v - a wand of warping (16)
 B - a wand of light (1)
 E - a wand of flame (28)
 I - a wand of polymorph (15)
Scrolls
 a - a scroll of amnesia
 e - 3 scrolls of vulnerability
 i - 4 scrolls of revelation
 o - 2 scrolls of teleportation
 q - a scroll of brand weapon
 y - 3 scrolls of poison
 A - 4 scrolls of immolation
 G - 2 scrolls of noise
 P - 2 scrolls of silence
 Q - 2 scrolls of fog
Potions
 b - 3 potions of magic
 f - a potion of cancellation
 r - 5 potions of enlightenment
 s - 2 potions of haste {unknown}
 u - 2 potions of lignification
 w - 4 potions of might
 C - 3 potions of attraction
 D - 4 potions of brilliance {unknown}
 H - 5 potions of curing
 L - 3 potions of mutation
 N - a potion of berserk rage {unknown}
 Y - a potion of resistance {unknown}
Miscellaneous
 O - a tin of tremorstones (2/2)


   Skills:
 + Level 15.5 Fighting
 - Level 12.0 Maces & Flails
 - Level 7.3 Armour
 - Level 10.0 Dodging
 - Level 2.7 Stealth
 + Level 7.0 Spellcasting
 - Level 0.8 Conjurations
 + Level 8.5 Ice Magic
 - Level 3.2 Alchemy
 + Level 10.5 Evocations


You had 27 spell levels left.
You knew the following spells:

 Your Spells              Type           Power      Damage    Failure   Level
a - Sting                 Conj/Alch      56%        1d6       100%        1

Your spell library contained the following spells:

 Spells                   Type           Power      Damage    Failure   Level
 Foxfire                  Conj/Fire      32%        2x1d5     100%        1
 Freeze                   Ice            100%       1d10      100%        1
 Magic Dart               Conj           36%        1d4       100%        1
 Summon Small Mammal      Summ           24%        N/A       100%        1
 Blink                    Tloc           12%        N/A       100%        2
 Call Imp                 Summ           12%        N/A       100%        2
 Lesser Beckoning         Tloc           12%        N/A       100%        2
 Mercury Vapours          Alch/Air       24%        N/A       100%        2
 Momentum Strike          Conj/Tloc      16%        3d8       100%        2
 Searing Ray              Conj           18%        2d5       100%        2
 Sublimation of Blood     Necr           6%         N/A       100%        2
 Call Canine Familiar     Summ           6%         N/A       100%        3
 Frozen Ramparts          Ice            78%        1d12      100%        3
 Gell's Gravitas          Tloc           6%         N/A       100%        3
 Hailstorm                Conj/Ice       24%        3d7       100%        3
 Inner Flame              Hex/Fire       6%         N/A       100%        3
 Mephitic Cloud           Conj/Alch/Air  11%        N/A       100%        3
 Teleport Other           Tloc           6%         N/A       100%        3
 Flame Wave               Conj/Fire      8%         2d5       100%        4
 Fulminant Prism          Conj/Alch      7%         3d7       100%        4
 Leda's Liquefaction      Alch/Erth      6%         N/A       100%        4
 Manifold Assault         Tloc           6%         N/A       100%        4
 Olgreb's Toxic Radiance  Alch           19%        N/A       100%        4
 Petrify                  Alch/Erth      12%        N/A       100%        4
 Sticky Flame             Fire/Alch      12%        2d5       100%        4
 Summon Blazeheart Golem  Fire/Summ      6%         N/A       100%        4
 Vhi's Electric Charge    Tloc/Air       12%        N/A       100%        4
 Arcjolt                  Conj/Air       4%         1d14      100%        5
 Metabolic Englaciation   Hex/Ice        11%        N/A       100%        5
 Summon Forest            Summ/Tloc      3%         N/A       100%        5
 Dispersal                Tloc           3%         N/A       100%        6
 Eringya's Noxious Bog    Alch           9%         4d6       100%        6
 Plasma Beam              Fire/Air       3%         2x1d13    100%        6
 Starburst                Conj/Fire      4%         6d3       100%        6
 Ozocubu's Refrigeration  Ice            19%        4d11      100%        7
 Summon Hydra             Summ           3%         N/A       100%        7
 Discord                  Hex            3%         N/A       100%        8
 Disjunction              Tloc           3%         N/A       100%        8
 Maxwell's Capacitive Co  Air            3%         ∞         100%        8


Dungeon Overview and Level Annotations

Branches:
Dungeon (13/15) Temple (1/1) D:4 Lair (5/5) D:10 Shoals (0/4) Lair:3 Spider (1/4) Lair:3 Slime (0/5) Lair:5 Orc (2/2) D:10 Elf (0/3) Orc:2 Vaults (0/5) D:12 D:13 IceCv (visited)

Altars:
Ashenzari
Cheibriados
Dithmenos
Elyvilon
Fedhas
Gozag
Hepliaklqana
Kikubaaqudgha
Makhleb
Nemelex Xobeh
Okawaru
Qazlal
Ru
Sif Muna
Trog
Uskayaw
Vehumet
Wu Jian
Xom
Yredelemnul
Zin
The Shining One

Shops:
D:7 *   D:10 (   Orc:1 [?:=(:   Orc:2 (![:*

Annotations:
D:9 6 transporters
D:12 2 runed translucent doors
Lair:3 1 runed translucent door, GoblinFriend's ghost, journeyman CoBe
Lair:4 1 runed translucent door, hotsoup's ghost, journeyman MfBr
Lair:5 1 runed translucent door, retardedninja's ghost, journeyman MDFi
Orc:1 3 runed translucent doors, Elol's ghost, journeyman DrRe; Haqetade's ghost, journeyman TrGl; Hiush's ghost, journeyman OnGl; Refias Xutt's ghost, journeyman DrAl


Innate Abilities, Weirdness & Mutations

You can wield a second weapon in your off-hand.
It takes a long time for you to wield or remove held weapons.
Your first few attacks do less damage.
You cannot equip rings or amulets.
Your body sometimes deteriorates upon taking damage.
You are somewhat resistant to further mutation.
You occasionally shout uncontrollably at your foes.


Message History

You feel better.
The jumping spider pounces on you but does no damage.
The jumping spider bites you but does no damage.
The tarantella touches you!
* * * LOW HITPOINT WARNING * * *
You are afflicted by dizzying energies!
You are confused.
The torpor snail bites you but does no damage.
The jumping spider pounces on you but does no damage.
The jumping spider bites you but does no damage.
The jumping spider leaps!
The tarantella touches you but does no damage.
The web tears apart.
The jumping spider pounces on you but does no damage.
The jumping spider bites you but does no damage.
The jumping spider leaps!
The tarantella touches you but does no damage.
The jumping spider pounces on you but does no damage.
The jumping spider bites you but does no damage.
The torpor snail bites you but does no damage.
The tarantella touches you.
* * * LOW HITPOINT WARNING * * *
The jumping spider pounces on you!
* * * LOW HITPOINT WARNING * * *
The jumping spider bites you but does no damage.
You whack the jumping spider with your +7 demon whip of freezing!
You freeze the jumping spider.
The jumping spider is moderately wounded.
You hit the jumping spider but do no damage.
The tarantella touches you but does no damage.
The torpor snail bites you!
* * * LOW HITPOINT WARNING * * *
Your body deteriorates!
You feel weakened.
The jumping spider leaps!
Unknown command.
You feel better.
The jumping spider leaps! x2; The tarantella touches you!
* * * LOW HITPOINT WARNING * * *
The jumping spider leaps!
The torpor snail bites you!
You die...
Your body crumbles into a pile of gold.

#~s~##....# #
#..~....###
....#..........
#..?....##
.......#..#######
..#w.#.#.$$...^.#.. #s
###.#$.°..... #.
####.s..##.. ..
#@w○..°..# .
#ss...######
#####......#
##..^......####
######.......^.......
........#.....##>....
........#.#.#..##^..#
#.###...#####...###...
###^.....# ...... ...


You could see a torpor snail, 2 jumping spiders and a tarantella.

Vanquished Creatures
  Frances (D:12)
  An emperor scorpion (Spider:1)
  An orc warlord (Orc:1)
  Nessos (D:13)
  A dire elephant (Lair:4)
  Harold (D:10)
  4 hydras
  Erolcha (D:9)
  2 catoblepae (Lair:5)
  12 death yaks
  A centaur warrior (D:13)
  7 two-headed ogres
  Urug (D:13)
  3 orc high priests
  An orb spider (Spider:1)
  A necromancer (IceCv)
  A bog body (IceCv)
  A lindwurm (Lair:5)
  A deep elf pyromancer (D:12)
  A harpy (D:12)
  5 orc knights
  An oklob plant (Lair:4)
  4 cyclopes
  2 manticores (Lair:5)
  2 orc sorcerers
  Maurice (D:8)
  15 elephants
  6 black mambas
  2 ice statues (IceCv)
  A torpor snail (Lair:2)
  2 rime drakes
  An unseen horror zombie (D:8)
  13 cane toads
  7 ice devils
  7 komodo dragons
  2 kobold demonologists
  Psyche (D:8)
  3 trolls
  A tarantella (Spider:1)
  2 polar bears (Lair:1)
  28 blink frogs
  A hornet (D:8)
  11 dream sheep
  A snapping turtle (Lair:3)
  2 dire elephant simulacra (IceCv)
  2 jumping spiders (Spider:1)
  A culicivora (Spider:1)
  2 shadows (D:11)
  16 yaks
  A water elemental (Lair:3)
  6 wyverns
  9 basilisks
  3 wraiths
  5 humans
  4 steam dragons
  A vampire (D:10)
  12 vampire mosquitoes
  6 wargs
  Menkaure (D:4)
  4 redbacks
  3 acid dragons
  3 hydra simulacra (IceCv)
  5 harpy simulacra (IceCv)
  14 water moccasins
  28 orc warriors
  5 black bears
  An ice beast (D:7)
  A sky beast (D:8)
  7 ogres
  12 wolves
  4 centaurs
  2 phantoms
  3 kobold brigands
  9 bullfrogs
  2 cane toad simulacra (IceCv)
  3 scorpions
  5 wights
  An elephant simulacrum (IceCv)
  7 killer bees
  6 howler monkeys
  2 bombardier beetles
  3 jellies
  2 centaur zombies (D:8)
  3 hounds
  9 orc priests
  A sleepcap (D:7)
  4 iguanas
  13 orc wizards
  A troll simulacrum (IceCv)
  A killer bee zombie (D:8)
  6 gnolls
  6 adders
  A naga simulacrum (IceCv)
  A shadow imp (D:7)
  A white imp (IceCv)
  2 ribbon worms
  2 dart slugs
  67 orcs
  11 bats
  6 endoplasms
  4 giant cockroaches
  7 goblins
  7 hobgoblins
  6 jackals
  4 quokkas
  3 training dummies (Orc:1)
  8 ball pythons
  2 frilled lizards
  25 kobolds
  7 rats
573 creatures vanquished.

Vanquished Creatures (others)
  An air elemental (D:12)
  A water elemental (D:12)
  A sky beast (D:8)
  2 dart slugs (D:3)
  2 ribbon worms (D:3)
  2 giant cockroaches (D:3)
9 creatures vanquished.

Grand Total: 582 creatures vanquished

Notes
Turn   | Place    | Note
-------+----------+-------------------------------------------
     0 | D:1      | Shayle the Coglin Alchemist began the quest for the Orb.
     0 | D:1      | Reached XP level 1. HP: 13/13 MP: 3/3
   104 | D:1      | Reached XP level 2. HP: 20/20 MP: 4/4
   337 | D:1      | Reached skill level 1 in Fighting
   660 | D:2      | Noticed a scorpion
   678 | D:1      | Reached XP level 3. HP: 13/26 MP: 5/5
  1072 | D:2      | Killed a scorpion
  1073 | D:2      | Reached skill level 2 in Fighting
  1073 | D:2      | Reached skill level 1 in Armour
  1073 | D:2      | Reached XP level 4. HP: 25/33 MP: 6/6
  1204 | D:2      | Reached XP level 5. HP: 21/39 MP: 7/7
  1692 | D:2      | You fall into a shaft and drop 2 floors!
  1706 | D:4      | Found an iron altar of Okawaru.
  2253 | D:3      | Reached skill level 1 in Maces & Flails
  2475 | D:3      | Found a faded altar of an unknown god.
  2653 | D:3      | Found a shimmering altar of Xom.
  2670 | D:3      | Reached skill level 3 in Fighting
  3020 | D:4      | Reached XP level 6. HP: 21/31 MP: 8/8
  3314 | D:4      | Noticed Menkaure
  3325 | D:4      | Gained mutation: You are somewhat resistant to further
                  | mutation. [potion of mutation]
  3325 | D:4      | Gained mutation: You occasionally shout uncontrollably at
                  | your foes. [potion of mutation]
  3325 | D:4      | Gained mutation: Your body sometimes deteriorates upon
                  | taking damage. [potion of mutation]
  3329 | D:4      | Killed Menkaure
  3497 | D:4      | Found a staircase to the Ecumenical Temple.
  3533 | Temple   | Entered the Ecumenical Temple
  3548 | Temple   | Became a worshipper of Gozag Ym Sagoz the Greedy
  3631 | D:4      | Reached XP level 7. HP: 24/51 MP: 9/9
  3881 | D:5      | Entered Level 5 of the Dungeon
  3900 | D:5      | Reached skill level 4 in Fighting
  4392 | D:5      | Found a sparkling altar of Nemelex Xobeh.
  4457 | D:5      | Reached XP level 8. HP: 56/61 MP: 10/10
  4474 | D:5      | Identified a scroll of acquirement
  4476 | D:5      | Acquired Maxwell's Memoranda
  4589 | D:5      | Reached skill level 5 in Fighting
  4850 | D:6      | Found an ornate altar of the Wu Jian Council.
  5881 | D:7      | Reached skill level 5 in Armour
  6231 | D:7      | Reached skill level 6 in Fighting
  6244 | D:7      | Reached skill level 5 in Maces & Flails
  6326 | D:7      | Found Bicoxtirch's General Store.
  6333 | D:7      | Bought a scroll of identify for 32 gold pieces
  6333 | D:7      | Bought 2 scrolls of identify for 64 gold pieces
  6456 | D:7      | Reached XP level 9. HP: 69/69 MP: 11/11
  7163 | D:8      | Reached skill level 7 in Fighting
  8007 | D:9      | Noticed a two-headed ogre
  8015 | D:9      | Killed a two-headed ogre
  8016 | D:9      | Reached XP level 10. HP: 80/80 MP: 12/12
  8049 | D:9      | Reached skill level 8 in Fighting
  8141 | D:9      | Noticed Psyche
  8144 | D:9      | Found a transporter.
  8146 | D:9      | Found a transporter.
  8157 | D:9      | Noticed Maurice
  8158 | D:9      | Maurice stole a +0 dagger {Minjun}
  8166 | D:8      | Killed Maurice
  8174 | D:8      | Acquired a +7 demon whip of freezing
  8237 | D:9      | Noticed Erolcha
  8371 | D:8      | Killed Psyche
  8525 | D:9      | Found a transporter.
  8546 | D:9      | Found a transporter.
  8737 | D:10     | Entered Level 10 of the Dungeon
  8906 | D:10     | Reached skill level 9 in Fighting
  8963 | D:10     | Found a staircase to the Orcish Mines.
  9321 | D:10     | Found a staircase to the Lair.
  9344 | D:10     | Reached XP level 11. HP: 80/89 MP: 13/13
  9414 | D:10     | Reached skill level 5 in Dodging
  9542 | Lair:1   | Entered Level 1 of the Lair of Beasts
  9643 | D:10     | Reached skill level 10 in Fighting
 10581 | Lair:1   | Reached skill level 11 in Fighting
 10655 | Lair:1   | Reached XP level 12. HP: 87/100 MP: 14/14
 10886 | Lair:1   | Identified the ring "Vitibodo" {*Slow Str+6 Int+3 Dex+6}
 11242 | Lair:2   | Reached skill level 10 in Maces & Flails
 11339 | Lair:2   | Noticed a five-headed hydra
 11349 | Lair:2   | Killed a five-headed hydra
 11356 | Lair:2   | Noticed a death yak
 11380 | Lair:2   | Killed a death yak
 11799 | Lair:2   | Found a sacrificial altar of Ru.
 12023 | Lair:2   | Reached skill level 12 in Fighting
 12530 | Lair:3   | Found a runed translucent door.
 12530 | Lair:3   | Noticed GoblinFriend's ghost (journeyman CoBe)
 12696 | Lair:3   | Noticed a five-headed hydra
 12708 | Lair:3   | Killed a five-headed hydra
 12875 | Lair:3   | Found a staircase to the Shoals.
 12886 | Lair:3   | Reached XP level 13. HP: 88/109 MP: 15/15
 13170 | Lair:3   | Found a hole to the Spider Nest.
 13863 | Lair:4   | Found a runed translucent door.
 13864 | Lair:4   | Noticed hotsoup's ghost (journeyman MfBr)
 14101 | Lair:4   | Reached skill level 13 in Fighting
 14605 | Lair:5   | Entered Level 5 of the Lair of Beasts
 15240 | Lair:5   | Reached skill level 10 in Dodging
 15392 | Lair:5   | Reached skill level 1 in Evocations
 15452 | Lair:5   | Found a runed translucent door.
 15473 | Lair:5   | Noticed retardedninja's ghost (journeyman MDFi)
 15780 | Lair:5   | Found a staircase to the Slime Pits.
 16374 | D:10     | Noticed Harold
 16398 | D:10     | Killed Harold
 16608 | D:10     | Found Miramabretz's Antique Weapon Shoppe.
 16612 | D:10     | Bought a steaming broad axe for 270 gold pieces
 16612 | D:10     | Identified the +7 broad axe of Green Gallantry {pain, rElec
                  | rPois rF- rC+} (You bought it in a shop on level 10 of the
                  | Dungeon)
 16826 | D:11     | Reached XP level 14. HP: 73/119 MP: 19/19
 16838 | D:11     | Acquired a neodymium turbine {Gadgeteer, rPois rF+ rCorr}
 16933 | D:11     | Found a frozen archway.
 17101 | IceCv    | Entered an ice cave
 17394 | IceCv    | Reached skill level 5 in Evocations
 17456 | IceCv    | Reached skill level 14 in Fighting
 18693 | D:11     | Reached skill level 1 in Ice Magic
 20016 | Lair:5   | Reached skill level 5 in Spellcasting
 20094 | Lair:5   | Noticed a dire elephant
 20156 | Lair:4   | Killed a dire elephant
 21021 | Lair:5   | Reached skill level 5 in Ice Magic
 21223 | Lair:5   | Identified the +6 flail of the Evil Eye {freeze, *Slow rC+
                  | Dex+4}
 21829 | D:12     | Noticed Frances
 22129 | Orc:1    | Entered Level 1 of the Orcish Mines
 22162 | Orc:1    | Found Weinof's Book Shoppe.
 22254 | Orc:1    | Found Lovuakafeti's Jewellery Emporium.
 22283 | Orc:1    | Found Koecsala's Magic Scroll Shop.
 22295 | Orc:1    | Bought a scroll of acquirement for 884 gold pieces
 22296 | Orc:1    | Acquired 567 gold pieces
 22329 | Orc:1    | Found Winoamp's Armour Shoppe.
 22545 | Orc:1    | Noticed a walking divine tome
 22551 | Orc:1    | Noticed a walking crystal tome
 22552 | Orc:1    | Found Offed's Book Emporium.
 22667 | Orc:1    | Found a runed translucent gate.
 22669 | Orc:1    | Found a runed translucent gate.
 22669 | Orc:1    | Noticed Refias Xutt's ghost (journeyman DrAl)
 22670 | Orc:1    | Found a runed translucent gate.
 22670 | Orc:1    | Noticed Hiush's ghost (journeyman OnGl)
 22670 | Orc:1    | Noticed Elol's ghost (journeyman DrRe)
 22670 | Orc:1    | Noticed Haqetade's ghost (journeyman TrGl)
 22845 | Orc:1    | Found Veg Cuhi's Firing Range.
 22999 | Orc:2    | Entered Level 2 of the Orcish Mines
 23088 | Orc:2    | Found Fisodiog's General Store.
 23474 | Orc:2    | Reached XP level 15. HP: 108/126 MP: 23/23
 23513 | Orc:2    | Noticed an orc warlord
 23631 | Orc:1    | Killed an orc warlord
 23890 | Orc:2    | Reached skill level 15 in Fighting
 23984 | Orc:2    | Found Batekkov's Book Emporium.
 24029 | Orc:2    | Found a staircase to the Elven Halls.
 24516 | Orc:2    | Paralysed by an orc sorcerer for 5 turns
 25383 | Orc:2    | Found Ostudwil's Distillery.
 25388 | Orc:2    | Bought a potion of curing for 45 gold pieces
 25388 | Orc:2    | Bought a potion of curing for 45 gold pieces
 25388 | Orc:2    | Bought a potion of heal wounds for 75 gold pieces
 25416 | Orc:2    | Found Cobu's Antique Armour Shop.
 25470 | Orc:2    | Found Seuffyfump's Antique Weapon Shoppe.
 25694 | D:9      | Found a transporter.
 25695 | D:9      | Found a transporter.
 25986 | D:9      | Killed Erolcha
 26734 | D:12     | Reached skill level 10 in Evocations
 26750 | D:12     | Found a large runed translucent door.
 26750 | D:12     | Found a large runed translucent door.
 26804 | D:13     | Noticed Nessos
 26804 | D:13     | Noticed Urug
 26804 | D:13     | Found a gate to the Vaults.
 26819 | D:13     | Killed Urug
 26821 | D:13     | Killed Nessos
 27139 | D:12     | Killed Frances
 27541 | Spider:1 | Entered Level 1 of the Spider Nest
 27628 | Spider:1 | Noticed an emperor scorpion
 27662 | Spider:1 | Killed an emperor scorpion
 27885 | Spider:1 | HP: 2/129 [torpor snail (14)]
 27886 | Spider:1 | Demolished by a torpor snail

Illustrated notes

Levels and vault maps discovered:
D:1:      tarquinn_simple_flora_water_f, layout_basic, grunt_decor_cap
D:2:      layout_loops_ring
D:3:      layout_loops_ring, xom_confusion_cloud,
          hellmonk_ecumenical_altar_zigzags, dreamdust_princess_bridge,
          wad_rectangle_vault
D:4:      layout_loops_ring, mainiacjoe_overflow_alcove_4,
          minmay_temple_entry_antechambers, uniq_menkaure
D:5:      layout_rooms, nemelex_spade_bored_becter
D:6:      layout_cave_pods, old_standard_altar, kennysheep_generic_room_11
D:7:      layout_basic, serial_shops, nicolae_stop_n_shop_2, st_stairs_10
D:8:      layout_cave_pools, serial_undead, serial_undead_b, serial_undead_a,
          serial_undead_e, serial_undead_f, minmay_holes
D:9:      layout_loops_ring, serial_nicolae_subway, nicolae_sub_station_stone,
          nicolae_sub_station_crystal, nicolae_sub_station_metal, uniq_psyche,
          uniq_erolcha, uniq_maurice
D:10:     layout_roguey, minmay_lair_entry_grove, minmay_orc_entry_guard_dogs,
          serial_shops, nicolae_shop_pleasant_corner_grove, uniq_harold
D:11:     layout_cave_pods, portal_ice_cave_demonic_guard
D:12:     layout_roguey [special_room_orc], lightli_elemental_guards,
          uniq_frances
D:13:     layout_rooms, david_vaults_3, uniq_lodul, uniq_josephine
Temple:   compressed_dpeg_circular_temple
Lair:1:   layout_loops_ring, lemuel_fruit_tree, grunt_megastairs_2
Lair:2:   nzn_winding_woodlands_small [nzn_winding_woodlands_5x15_crooked,
          nzn_winding_woodlands_center_triple_pond,
          nzn_winding_woodlands_5x15_cabin], layout_chaotic_city, basic_altar,
          chequers_serial_rivers_small_a
Lair:3:   layout_misc_corridors, minmay_shoals_entry_hut,
          spider_nest_entry_webs, gammafunk_ghost_grave, minivault_26
Lair:4:   layout_roguey, gammafunk_ghost_grave, nicolae_lair_grazing_beasts
          [nicolae_sub_lair_graze_edge, nicolae_sub_lair_graze_edge,
          nicolae_sub_lair_graze_edge, nicolae_sub_lair_graze_edge]
Lair:5:   hangedman_lair_in_review, layout_cave_pods, slime_entry_1,
          hellmonk_ghost_happy_afterlife, infiniplex_staircase_pool_2
Spider:1: nicolae_spider_obnoxious_hallway, nicolae_spider_world_wide_web,
          uniq_nikola, uniq_donald
Orc:1:    layout_caves, serial_shops, nicolae_lakefront_shop,
          nicolae_shop_peninsula, nicolae_shop_mannequins, shop,
          nicolae_shop_advertising_works [nicolae_subvault_shop_adworks],
          gammafunk_ghost_cemetery, nicolae_shop_firing_range
Orc:2:    grunt_orc_gardens, layout_caves, grunt_orc_garden, grunt_orc_garden,
          grunt_orc_garden, grunt_orc_garden, serial_shops, shop

Skill      XL: |  1  2  3  4  5  6  7  8  9 10 11 12 13 14 15 |
---------------+----------------------------------------------+-----
Dodging        | 2 4 7 8 10 | 10.0
Stealth        | 2 |  2.7
Fighting       | 1 2 3 4 6 7 9 11 12 13 14 15 | 15.5
Armour         | 1 2 3 4 5 7 |  7.3
Maces & Flails | 1 2 3 5 6 8 9 11 12 | 12.0
Evocations     | 4 8 10 | 10.5
Spellcasting   | 3 5 7 |  7.0
Ice Magic      | 6 8 |  8.5
Conjurations   | |  0.8
Alchemy        | |  3.2

Action                     |  1- 3 |  4- 6 |  7- 9 | 10-12 | 13-15 || total
---------------------------+-------+-------+-------+-------+-------++-------
  Melee: Unarmed           |    11 |       |       |       |       ||    11
         Dagger            |   160 |    53 |       |       |       ||   213
         Punch             |     1 |       |       |       |       ||     1
         Whip              |    15 |   188 |   301 |   446 |   981 ||  1931
         Short sword       |       |   133 |   317 |    42 |       ||   492
         Demon whip        |       |       |       |   455 |  1081 ||  1536
   Cast: Sting             |     7 |       |       |       |       ||     7
 Invoke: Potion Petition   |       |       |       |       |    11 ||    11
Ability: Invent Gizmo      |       |       |       |       |     1 ||     1
  Evoke: Wand              |       |       |    11 |    23 |    18 ||    52
    Use: Scroll            |       |     1 |    16 |     7 |    15 ||    39
         Potion            |       |     9 |     6 |     1 |     6 ||    22
   Stab: Sleeping          |     1 |       |       |       |       ||     1
         Distracted        |       |       |     2 |     1 |     3 ||     6
         Paralysed         |       |       |     8 |    22 |       ||    30
         Petrifying        |       |       |       |       |     5 ||     5
         Petrified         |       |       |       |       |     5 ||     5
         Invisible         |       |       |       |       |    10 ||    10
 Armour: Robe              |     8 |       |       |       |       ||     8
         Crystal plate arm |    93 |   221 |   544 |   468 |  1206 ||  2532
         Skin              |       |     3 |    88 |       |    56 ||   147
  Dodge: Dodged            |    17 |     8 |    31 |    11 |    21 ||    88

Table legend: (Time is in decaauts)
 A = Elapsed time spent in this place.
 B = Non-inter-level travel time spent in this place.
 C = Inter-level travel time spent in this place.
 D = Time resting spent in this place.
 E = Time spent auto-exploring this place.
 F = Levels seen in this place.
 G = Mean time per level.
                   A        B        C        D        E       F      G
               +--------+--------+--------+--------+--------+-----+--------+
         Total |  27215 |  25567 |   1648 |   7506 |  11565 |  23 | 1183.3 |
       Dungeon |  13812 |  13107 |    705 |   3443 |   6374 |  13 | 1062.5 |
        Temple |     24 |     15 |      9 |      0 |      0 |   1 |   24.0 |
          Lair |   8373 |   7664 |    709 |   1785 |   4025 |   5 | 1674.6 |
   Spider Nest |    314 |    314 |      0 |    164 |     51 |   1 |  314.0 |
  Orcish Mines |   3410 |   3186 |    224 |   1300 |   1024 |   2 | 1705.0 |
      Ice Cave |   1280 |   1280 |      0 |    814 |     90 |   1 | 1280.0 |
               +--------+--------+--------+--------+--------+-----+--------+

Top non-repeatable levels by time:
   Orc:1: 2525 daAuts
  Lair:5: 2268 daAuts
  Lair:4: 2222 daAuts
    D:11: 1755 daAuts
     D:8: 1642 daAuts
    D:10: 1588 daAuts
  Lair:1: 1430 daAuts
  Lair:2: 1325 daAuts
   IceCv: 1280 daAuts
     D:2: 1194 daAuts
    D:12: 1179 daAuts
     D:4: 1155 daAuts
     D:7: 1146 daAuts
  Lair:3: 1127 daAuts
     D:9: 928 daAuts
